[ AOE2 MATCH · #506175558 ]
UnrankedSlavs vs Tupi
Player's team · LOSS
Rival team · WIN
[ REPLAY ANALYSIS · EXTRACTED FROM THE RECORDED GAME ]
Feudal
9:41
Castle
24:16
Imperial
—
| APM avg | 49.3 |
| APM peak | 85 |
| eAPM avg | 29.2 |
| Villagers / military | 89 / 30 |
Focus
⚔️ 37.9% · 🌾 62.1%
Militia ×9 · Scout Cavalry ×8 · Knight ×7 · Scorpion ×5 · Battering Ram ×1
Feudal
11:03
Castle
26:38
Imperial
—
| APM avg | 55.8 |
| APM peak | 92 |
| eAPM avg | 30.6 |
| Villagers / military | 107 / 98 |
Focus
⚔️ 45.6% · 🌾 54.4%
Spearman ×62 · Unknown (2550) ×28 · Archer ×22 · Monk ×7 · Battering Ram ×7
Match map
Initial resources + every placement click. Lines = walls · curves = elevation contours. ◆ gold · ⬟ stone · ● berries · ✦ relic · ◌ wall gap
Your base· Open — 4t gap
Lina's base· Open — 4t gap
Smoothed initial terrain · ◌ = detected wall gap · hover for details
Inputs per minute
— s56460688 - - Lina
Build order — s56460688
First 150 of 219 actions detected
| 0:01 | Create | Villager (Male) |
| 0:01 | Build | House |
| 0:02 | Build | House |
| 0:07 | Create | Villager (Male) |
| 0:20 | Create | Villager (Male) |
| 0:29 | Create | Villager (Male) |
| 0:30 | Create | Villager (Male) |
| 1:29 | Create | Villager (Male) |
| 1:29 | Create | Villager (Male) |
| 1:45 | Build | Lumber Camp |
| 1:59 | Create | Villager (Male) |
| 2:14 | Create | Villager (Male) |
| 2:14 | Create | Villager (Male) |
| 2:46 | Create | Villager (Male) |
| 3:15 | Create | Villager (Male) |
| 3:15 | Create | Villager (Male) |
| 3:36 | Create | Villager (Male) |
| 3:48 | Build | House |
| 4:03 | Create | Villager (Male) |
| 4:20 | Create | Villager (Male) |
| 4:20 | Create | Villager (Male) |
| 4:54 | Create | Villager (Male) |
| 5:11 | Build | Palisade Wall |
| 5:13 | Build | House |
| 5:14 | Research | Loom |
| 5:15 | Build | Palisade Wall |
| 5:47 | Build | Barracks |
| 5:48 | Create | Villager (Male) |
| 6:02 | Create | Villager (Male) |
| 6:34 | Create | Villager (Male) |
| 7:02 | Create | Villager (Male) |
| 7:26 | Research | Feudal Age |
| 7:46 | Create | Militia |
| 8:02 | Create | Militia |
| 8:06 | Build | Mining Camp |
| 8:35 | Build | Palisade Wall |
| 8:38 | Build | Palisade Wall |
| 8:39 | Build | Palisade Wall |
| 8:58 | Create | Villager (Male) |
| 9:01 | Build | Lumber Camp |
| 9:16 | Create | Militia |
| 9:28 | Create | Villager (Male) |
| 9:36 | Build | Palisade Wall |
| 9:41 | Age | Feudal Age |
| 9:59 | Research | Man-at-Arms (upgrade) |
| 10:05 | Build | Mill |
| 10:05 | Create | Villager (Male) |
| 10:22 | Create | Villager (Male) |
| 10:24 | Build | Farm |
| 10:37 | Build | House |
| 10:45 | Build | Farm |
| 11:15 | Create | Villager (Male) |
| 11:17 | Build | Farm |
| 11:41 | Build | Farm |
| 11:42 | Create | Villager (Male) |
| 11:53 | Build | Watch Tower |
| 12:05 | Create | Villager (Male) |
| 12:25 | Research | Double-Bit Axe |
| 12:39 | Create | Villager (Male) |
| 13:04 | Create | Villager (Male) |
| 13:12 | Build | House |
| 13:23 | Build | Mining Camp |
| 13:42 | Research | Town Watch |
| 13:45 | Create | Villager (Male) |
| 14:23 | Build | Watch Tower |
| 14:50 | Create | Villager (Male) |
| 15:02 | Create | Villager (Male) |
| 15:14 | Create | Villager (Male) |
| 15:29 | Build | Farm |
| 15:30 | Build | Farm |
| 15:41 | Build | House |
| 16:03 | Create | Villager (Male) |
| 16:14 | Build | Stable |
| 16:28 | Create | Villager (Male) |
| 16:31 | Build | House |
| 16:32 | Build | Palisade Wall |
| 16:41 | Build | Farm |
| 16:53 | Build | House |
| 16:54 | Create | Villager (Male) |
| 16:58 | Create | Scout Cavalry |
| 17:09 | Build | Farm |
| 17:12 | Create | Scout Cavalry |
| 17:14 | Create | Villager (Male) |
| 17:22 | Build | Watch Tower |
| 17:59 | Create | Villager (Male) |
| 18:09 | Create | Villager (Male) |
| 18:18 | Build | Farm |
| 18:35 | Build | Blacksmith |
| 18:41 | Create | Villager (Male) |
| 18:45 | Create | Scout Cavalry |
| 19:01 | Build | Farm |
| 19:10 | Create | Villager (Male) |
| 19:13 | Create | Scout Cavalry |
| 19:19 | Build | Farm |
| 19:32 | Research | Forging |
| 19:39 | Create | Villager (Male) |
| 19:40 | Build | Farm |
| 20:09 | Create | Villager (Male) |
| 20:14 | Build | Farm |
| 20:19 | Build | Farm |
| 20:45 | Create | Villager (Male) |
| 20:47 | Build | Farm |
| 21:09 | Build | Farm |
| 21:10 | Build | Farm |
| 21:27 | Build | House |
| 21:36 | Research | Castle Age |
| 22:01 | Build | Watch Tower |
| 22:06 | Create | Scout Cavalry |
| 22:11 | Build | Stable |
| 22:13 | Research | Fletching |
| 22:28 | Build | House |
| 22:29 | Build | House |
| 22:39 | Create | Scout Cavalry |
| 22:59 | Create | Scout Cavalry |
| 23:02 | Research | Horse Collar |
| 23:18 | Build | Mining Camp |
| 23:22 | Research | Bloodlines |
| 23:41 | Create | Scout Cavalry |
| 23:46 | Build | House |
| 23:48 | Build | House |
| 23:50 | Build | House |
| 23:54 | Create | Villager (Male) |
| 24:16 | Age | Castle Age |
| 24:16 | Research | Scale Barding Armor |
| 24:36 | Research | Light Cavalry (upgrade) |
| 24:38 | Create | Knight |
| 24:46 | Create | Villager (Male) |
| 24:52 | Build | House |
| 24:59 | Build | House |
| 25:06 | Create | Knight |
| 25:09 | Create | Villager (Male) |
| 25:22 | Build | Stone Wall |
| 25:28 | Build | Watch Tower |
| 25:36 | Create | Villager (Male) |
| 25:56 | Build | Mining Camp |
| 26:02 | Create | Villager (Male) |
| 26:07 | Research | Husbandry |
| 26:22 | Create | Villager (Male) |
| 26:24 | Build | Lumber Camp |
| 26:39 | Create | Knight |
| 26:45 | Create | Villager (Male) |
| 27:05 | Create | Villager (Male) |
| 27:13 | Create | Knight |
| 27:32 | Create | Villager (Male) |
| 27:48 | Create | Villager (Male) |
| 27:55 | Create | Knight |
| 28:24 | Create | Villager (Male) |
| 28:33 | Build | House |
| 28:40 | Build | House |
| 29:08 | Create | Villager (Male) |
Build order — Lina
First 150 of 385 actions detected
| 0:01 | Create | Villager (Male) |
| 0:01 | Create | Villager (Male) |
| 0:01 | Create | Villager (Male) |
| 0:02 | Build | House |
| 0:04 | Build | Barracks |
| 0:08 | Build | House |
| 0:10 | Create | Villager (Male) |
| 1:18 | Create | Villager (Male) |
| 1:18 | Create | Villager (Male) |
| 1:31 | Create | Unit 2550 |
| 2:01 | Create | Villager (Male) |
| 2:01 | Create | Villager (Male) |
| 2:21 | Create | Villager (Male) |
| 2:48 | Create | Villager (Male) |
| 3:07 | Create | Unit 2550 |
| 3:16 | Build | House |
| 3:23 | Create | Villager (Male) |
| 3:49 | Create | Villager (Male) |
| 4:07 | Create | Villager (Male) |
| 4:31 | Create | Villager (Male) |
| 4:34 | Build | House |
| 4:50 | Create | Unit 2550 |
| 4:52 | Create | Villager (Male) |
| 5:13 | Build | House |
| 5:29 | Create | Villager (Male) |
| 5:49 | Build | Outpost |
| 5:58 | Build | Outpost |
| 5:58 | Create | Villager (Male) |
| 6:01 | Build | House |
| 6:11 | Create | Villager (Male) |
| 6:18 | Create | Villager (Male) |
| 6:32 | Build | Settlement |
| 6:39 | Create | Villager (Male) |
| 7:07 | Create | Villager (Male) |
| 7:50 | Research | Loom |
| 7:57 | Build | Farm |
| 8:07 | Create | Villager (Male) |
| 8:53 | Research | Feudal Age |
| 8:53 | Research | Feudal Age |
| 8:57 | Build | House |
| 8:59 | Build | Palisade Wall |
| 9:01 | Build | Palisade Wall |
| 9:19 | Build | Palisade Wall |
| 10:05 | Build | Settlement |
| 10:06 | Create | Villager (Male) |
| 10:12 | Build | House |
| 10:16 | Build | Palisade Wall |
| 10:32 | Build | Farm |
| 10:36 | Create | Villager (Male) |
| 10:45 | Build | Palisade Wall |
| 10:45 | Build | Palisade Wall |
| 10:53 | Build | Palisade Wall |
| 11:03 | Age | Feudal Age |
| 11:05 | Build | Palisade Wall |
| 11:15 | Build | Palisade Wall |
| 11:18 | Create | Villager (Male) |
| 11:30 | Create | Villager (Male) |
| 11:35 | Research | Double-Bit Axe |
| 11:42 | Build | Palisade Wall |
| 11:57 | Research | Tech 1402 |
| 11:57 | Research | Tech 1402 |
| 12:01 | Build | Watch Tower |
| 12:05 | Create | Villager (Male) |
| 12:18 | Create | Unit 2550 |
| 12:23 | Build | Stone Wall |
| 12:24 | Build | Stone Wall |
| 12:27 | Build | Stone Wall |
| 12:27 | Build | Stone Wall |
| 12:33 | Create | Villager (Male) |
| 12:39 | Create | Villager (Male) |
| 12:41 | Build | Palisade Wall |
| 13:10 | Build | Stone Wall |
| 13:12 | Create | Villager (Male) |
| 13:17 | Build | Archery Range |
| 13:22 | Create | Unit 2550 |
| 13:29 | Build | Farm |
| 13:55 | Create | Unit 2550 |
| 14:00 | Build | Farm |
| 14:03 | Create | Archer |
| 14:06 | Build | House |
| 14:07 | Build | House |
| 14:17 | Build | Farm |
| 14:24 | Build | Farm |
| 14:52 | Create | Unit 2550 |
| 15:00 | Create | Archer |
| 15:02 | Build | Farm |
| 15:10 | Create | Villager (Male) |
| 15:23 | Create | Villager (Male) |
| 15:31 | Build | Farm |
| 15:32 | Build | Farm |
| 15:34 | Create | Archer |
| 15:37 | Build | Farm |
| 15:48 | Build | House |
| 15:53 | Create | Unit 2550 |
| 15:57 | Build | Farm |
| 16:01 | Create | Archer |
| 16:26 | Create | Villager (Male) |
| 16:33 | Build | Palisade Wall |
| 16:34 | Create | Villager (Male) |
| 16:36 | Build | Palisade Wall |
| 16:47 | Create | Unit 2550 |
| 16:53 | Build | Farm |
| 17:06 | Create | Villager (Male) |
| 17:08 | Build | Settlement |
| 17:16 | Create | Villager (Male) |
| 17:41 | Create | Unit 2550 |
| 17:41 | Create | Unit 2550 |
| 17:53 | Create | Unit 2550 |
| 18:06 | Create | Unit 2550 |
| 18:14 | Build | Blacksmith |
| 18:15 | Create | Unit 2550 |
| 18:24 | Create | Villager (Male) |
| 18:25 | Build | Farm |
| 18:26 | Build | Farm |
| 18:32 | Create | Villager (Male) |
| 18:33 | Create | Archer |
| 18:43 | Create | Spearman |
| 18:45 | Create | Villager (Male) |
| 18:52 | Build | Outpost |
| 18:55 | Create | Villager (Male) |
| 18:58 | Build | Farm |
| 19:01 | Build | Farm |
| 19:08 | Create | Archer |
| 19:13 | Research | Fletching |
| 19:16 | Build | Palisade Wall |
| 19:17 | Create | Unit 2550 |
| 19:25 | Create | Villager (Male) |
| 19:29 | Build | Farm |
| 19:44 | Build | Farm |
| 19:46 | Create | Unit 2550 |
| 19:47 | Create | Unit 2550 |
| 20:04 | Create | Unit 2550 |
| 20:09 | Create | Unit 2550 |
| 20:09 | Create | Unit 2550 |
| 20:16 | Create | Unit 2550 |
| 20:16 | Create | Unit 2550 |
| 20:19 | Create | Unit 2550 |
| 20:37 | Create | Spearman |
| 20:40 | Create | Villager (Male) |
| 20:44 | Build | Archery Range |
| 21:01 | Create | Villager (Male) |
| 21:08 | Create | Archer |
| 21:08 | Create | Archer |
| 21:08 | Create | Archer |
| 21:09 | Create | Villager (Male) |
| 21:17 | Create | Villager (Male) |
| 21:20 | Create | Villager (Male) |
| 21:28 | Create | Spearman |
| 21:29 | Create | Spearman |
| 21:44 | Build | Watch Tower |
Match timeline
| 0:04 | Lina · first_building Barracks |
| 5:11 | s56460688 · wall_segment Palisade Wall x1 |
| 5:15 | s56460688 · wall_segment Palisade Wall x1 |
| 5:47 | s56460688 · first_building Barracks |
| 8:35 | s56460688 · wall_segment Palisade Wall x1 |
| 8:38 | s56460688 · wall_segment Palisade Wall x1 |
| 8:39 | s56460688 · wall_segment Palisade Wall x1 |
| 8:59 | Lina · wall_segment Palisade Wall x3 |
| 9:01 | Lina · wall_segment Palisade Wall x4 |
| 9:19 | Lina · wall_segment Palisade Wall x6 |
| 9:36 | s56460688 · wall_segment Palisade Wall x2 |
| 9:41 | s56460688 · age_up feudal |
| 10:16 | Lina · wall_segment Palisade Wall x5 |
| 10:45 | Lina · wall_segment Palisade Wall x2 |
| 10:45 | Lina · wall_segment Palisade Wall x1 |
| 10:53 | Lina · wall_segment Palisade Wall x1 |
| 11:03 | Lina · age_up feudal |
| 11:05 | Lina · wall_segment Palisade Wall x3 |
| 11:15 | Lina · wall_segment Palisade Wall x1 |
| 11:42 | Lina · wall_segment Palisade Wall x1 |
| 12:23 | Lina · wall_segment Stone Wall x1 |
| 12:24 | Lina · wall_segment Stone Wall x2 |
| 12:27 | Lina · wall_segment Stone Wall x1 |
| 12:27 | Lina · wall_segment Stone Wall x1 |
| 12:41 | Lina · wall_segment Palisade Wall x1 |
| 13:10 | Lina · wall_segment Stone Wall x1 |
| 13:17 | Lina · first_building Archery Range |
| 16:14 | s56460688 · first_building Stable |
| 16:32 | s56460688 · wall_segment Palisade Wall x1 |
| 16:33 | Lina · wall_segment Palisade Wall x1 |
| 16:36 | Lina · wall_segment Palisade Wall x1 |
| 19:16 | Lina · wall_segment Palisade Wall x7 |
| 23:54 | Lina · first_market_buy 100 food |
| 23:57 | Lina · first_market_sell 100 stone |
| 24:16 | s56460688 · age_up castle |
| 25:22 | s56460688 · wall_segment Stone Wall x1 |
| 26:38 | Lina · age_up castle |
| 27:31 | Lina · wall_segment Palisade Wall x1 |
| 27:42 | Lina · wall_segment Palisade Wall x3 |
| 27:43 | Lina · wall_segment Palisade Wall x2 |
| 27:43 | Lina · wall_segment Palisade Wall x3 |
| 27:44 | Lina · wall_segment Palisade Wall x1 |
| 32:15 | Lina · first_building Monastery |
| 32:27 | Lina · wall_segment Palisade Wall x1 |
| 33:37 | s56460688 · first_building Castle |
| 34:29 | s56460688 · first_building Siege Workshop |
| 35:23 | Lina · first_building Siege Workshop |
| 39:13 | Lina · first_building Castle |
| 41:32 | s56460688 · resign |
[ AI ANALYSIS · 1 CREDIT ]
What really happened in this match?
Wolo.gg analyzes every decision: build order, eco, micro, common mistakes by bracket. Personalized analysis on WhatsApp or Discord in 30 seconds.
Civ guide
Slavs
Perfil
Jugador #442647